[ AOE2 MATCH · #469684401 ]
UnrankedMongols vs Japanese
[ REPLAY ANALYSIS · EXTRACTED FROM THE RECORDED GAME ]
Feudal
9:52
Castle
21:04
Imperial
35:17
| APM avg | 38.8 |
| APM peak | 110 |
| eAPM avg | 11.4 |
| Villagers / military | 88 / 73 |
Focus
⚔️ 26.6% · 🌾 73.4%
Steppe Lancer ×36 · Mangudai ×29 · Scout Cavalry ×4 · Camel Scout ×3 · Monk ×1
Feudal
10:17
Castle
27:50
Imperial
—
| APM avg | 40.8 |
| APM peak | 81 |
| eAPM avg | 17.8 |
| Villagers / military | 106 / 79 |
Focus
⚔️ 22.9% · 🌾 77.1%
Archer ×45 · Knight ×32 · Monk ×1 · Spearman ×1
Feudal
10:09
Castle
25:46
Imperial
—
| APM avg | 20.4 |
| APM peak | 44 |
| eAPM avg | 9.6 |
| Villagers / military | 55 / 66 |
Focus
⚔️ 37.3% · 🌾 62.7%
Spearman ×25 · Skirmisher ×24 · Militia ×15 · Archer ×2
Feudal
10:30
Castle
22:14
Imperial
35:04
| APM avg | 46.0 |
| APM peak | 95 |
| eAPM avg | 19.3 |
| Villagers / military | 105 / 87 |
Focus
⚔️ 32.2% · 🌾 67.8%
Archer ×77 · Mangonel ×7 · Trebuchet (Packed) ×2 · Militia ×1
Feudal
12:26
Castle
17:45
Imperial
38:53
| APM avg | 19.7 |
| APM peak | 35 |
| eAPM avg | 11.6 |
| Villagers / military | 69 / 53 |
Focus
⚔️ 24.4% · 🌾 75.6%
Monk ×27 · Skirmisher ×26
Feudal
10:10
Castle
20:39
Imperial
—
| APM avg | 29.2 |
| APM peak | 89 |
| eAPM avg | 15.9 |
| Villagers / military | 64 / 109 |
Focus
⚔️ 38.1% · 🌾 61.9%
Skirmisher ×80 · Archer ×16 · Eagle Scout ×11 · Fishing Ship ×3 · Spearman ×2
Match map
Initial resources + every placement click. Lines = walls · curves = elevation contours. ◆ gold · ⬟ stone · ● berries · ✦ relic · ◌ wall gap
Your base· Open — unwalled flank
Mebossmer's base· Open — 1t gap
reneniels's base· Open — unwalled flank
Tobunga's base· ✓ Closed at 22:14 · 35t walls · 1 gate(s)
Ryô Saeba's base· ✓ Closed at 17:45 · 68t walls · no gate
Hærfugl's base· Open — unwalled flank
Smoothed initial terrain · ◌ = detected wall gap · hover for details
Inputs per minute
— GenosseFelix - - Mebossmer
Build order — GenosseFelix
First 150 of 268 actions detected
| 0:00 | Create | Villager (Male) |
| 0:01 | Create | Villager (Male) |
| 0:01 | Create | Villager (Male) |
| 0:01 | Create | Villager (Male) |
| 0:04 | Build | House |
| 0:06 | Build | House |
| 1:30 | Create | Villager (Male) |
| 1:48 | Build | Lumber Camp |
| 1:52 | Create | Villager (Male) |
| 2:24 | Create | Villager (Male) |
| 2:42 | Build | House |
| 2:43 | Build | House |
| 2:54 | Create | Villager (Male) |
| 3:15 | Create | Villager (Male) |
| 3:38 | Create | Villager (Male) |
| 4:22 | Create | Villager (Male) |
| 4:25 | Create | Villager (Male) |
| 4:50 | Create | Villager (Male) |
| 4:51 | Create | Villager (Male) |
| 5:43 | Create | Villager (Male) |
| 5:44 | Create | Villager (Male) |
| 6:09 | Build | Mill |
| 6:38 | Create | Villager (Male) |
| 7:17 | Research | Loom |
| 7:34 | Research | Feudal Age |
| 8:19 | Create | Villager (Male) |
| 8:20 | Create | Villager (Male) |
| 8:28 | Build | House |
| 8:30 | Build | House |
| 8:35 | Build | Barracks |
| 9:52 | Age | Feudal Age |
| 9:56 | Research | Double-Bit Axe |
| 10:20 | Build | Stable |
| 10:28 | Create | Villager (Male) |
| 10:46 | Create | Villager (Male) |
| 10:50 | Build | Mining Camp |
| 11:16 | Create | Scout Cavalry |
| 11:17 | Create | Scout Cavalry |
| 11:31 | Create | Villager (Male) |
| 12:23 | Create | Villager (Male) |
| 12:23 | Create | Villager (Male) |
| 12:29 | Create | Scout Cavalry |
| 12:30 | Create | Scout Cavalry |
| 12:35 | Build | Blacksmith |
| 13:08 | Create | Villager (Male) |
| 13:23 | Build | Farm |
| 13:23 | Build | Farm |
| 13:23 | Build | Farm |
| 13:24 | Build | Farm |
| 13:32 | Research | Horse Collar |
| 13:39 | Research | Bloodlines |
| 13:41 | Research | Scale Barding Armor |
| 13:51 | Build | House |
| 13:52 | Build | House |
| 13:58 | Create | Villager (Male) |
| 13:59 | Create | Villager (Male) |
| 14:15 | Build | Farm |
| 14:16 | Build | Farm |
| 14:33 | Create | Villager (Male) |
| 15:54 | Build | Farm |
| 15:54 | Build | Farm |
| 15:55 | Build | Farm |
| 16:00 | Build | Farm |
| 16:01 | Build | Farm |
| 16:01 | Build | Farm |
| 16:01 | Build | Farm |
| 16:01 | Build | Farm |
| 16:03 | Build | Farm |
| 16:16 | Build | Farm |
| 16:18 | Create | Villager (Male) |
| 16:19 | Create | Villager (Male) |
| 16:22 | Create | Villager (Male) |
| 17:06 | Build | Farm |
| 17:13 | Build | Mining Camp |
| 17:43 | Create | Villager (Male) |
| 18:24 | Research | Castle Age |
| 19:14 | Research | Forging |
| 19:22 | Build | Stable |
| 21:04 | Age | Castle Age |
| 21:12 | Create | Villager (Male) |
| 21:12 | Create | Villager (Male) |
| 21:13 | Create | Villager (Male) |
| 21:13 | Create | Villager (Male) |
| 21:18 | Build | Town Center |
| 21:22 | Create | Villager (Male) |
| 21:22 | Create | Villager (Male) |
| 21:31 | Build | Lumber Camp |
| 21:38 | Research | Iron Casting |
| 21:41 | Research | Husbandry |
| 21:41 | Create | Steppe Lancer |
| 21:42 | Create | Steppe Lancer |
| 21:42 | Create | Steppe Lancer |
| 22:24 | Build | House |
| 22:25 | Build | House |
| 22:25 | Build | House |
| 22:31 | Create | Villager (Male) |
| 22:34 | Create | Steppe Lancer |
| 22:34 | Create | Steppe Lancer |
| 22:36 | Create | Villager (Male) |
| 22:36 | Create | Villager (Male) |
| 22:41 | Build | Farm |
| 22:41 | Build | Farm |
| 22:46 | Build | Farm |
| 22:46 | Build | Farm |
| 22:51 | Build | Farm |
| 22:58 | Create | Steppe Lancer |
| 23:52 | Create | Steppe Lancer |
| 23:52 | Create | Steppe Lancer |
| 23:52 | Create | Steppe Lancer |
| 23:57 | Create | Villager (Male) |
| 23:57 | Create | Villager (Male) |
| 23:58 | Create | Villager (Male) |
| 24:03 | Create | Villager (Male) |
| 24:07 | Create | Villager (Male) |
| 24:19 | Create | Steppe Lancer |
| 25:09 | Build | House |
| 25:10 | Build | House |
| 25:10 | Build | House |
| 25:32 | Create | Villager (Male) |
| 25:32 | Create | Villager (Male) |
| 25:32 | Create | Villager (Male) |
| 25:35 | Create | Villager (Male) |
| 25:35 | Create | Villager (Male) |
| 25:35 | Create | Villager (Male) |
| 25:36 | Create | Villager (Male) |
| 25:49 | Research | Chain Barding Armor |
| 25:49 | Research | Chain Barding Armor |
| 26:44 | Create | Villager (Male) |
| 26:44 | Create | Villager (Male) |
| 26:44 | Create | Villager (Male) |
| 27:03 | Create | Steppe Lancer |
| 27:03 | Create | Steppe Lancer |
| 27:04 | Create | Steppe Lancer |
| 27:13 | Build | Town Center |
| 27:20 | Create | Villager (Male) |
| 27:21 | Create | Villager (Male) |
| 27:57 | Build | Farm |
| 27:59 | Create | Villager (Male) |
| 28:02 | Create | Steppe Lancer |
| 28:03 | Create | Steppe Lancer |
| 28:50 | Create | Villager (Male) |
| 28:50 | Create | Villager (Male) |
| 28:50 | Create | Villager (Male) |
| 28:53 | Create | Villager (Male) |
| 29:02 | Build | Farm |
| 29:02 | Build | Farm |
| 29:02 | Build | Farm |
| 29:06 | Create | Steppe Lancer |
| 29:07 | Create | Steppe Lancer |
| 29:07 | Create | Steppe Lancer |
Build order — Mebossmer
First 150 of 245 actions detected
| 0:02 | Build | House |
| 0:03 | Build | House |
| 0:04 | Create | Villager (Male) ×5 |
| 0:04 | Create | Villager (Male) |
| 2:10 | Create | Villager (Male) |
| 2:18 | Create | Villager (Male) |
| 2:39 | Build | Lumber Camp |
| 2:52 | Create | Villager (Male) |
| 3:16 | Create | Villager (Male) |
| 3:31 | Build | Mill |
| 3:57 | Create | Villager (Male) |
| 4:09 | Create | Villager (Male) |
| 4:19 | Build | House |
| 5:03 | Create | Villager (Male) |
| 5:15 | Create | Villager (Male) |
| 5:22 | Create | Villager (Male) |
| 5:59 | Create | Villager (Male) |
| 6:36 | Create | Villager (Male) |
| 6:37 | Create | Villager (Male) |
| 6:46 | Create | Villager (Male) |
| 6:50 | Build | House |
| 6:54 | Research | Loom |
| 6:56 | Create | Villager (Male) |
| 6:58 | Create | Villager (Male) |
| 7:22 | Build | Barracks |
| 7:28 | Create | Villager (Male) |
| 8:05 | Create | Villager (Male) |
| 8:07 | Research | Feudal Age |
| 8:25 | Build | Palisade Gate |
| 8:27 | Build | Palisade Wall |
| 8:30 | Create | Villager (Male) |
| 8:34 | Build | Palisade Wall |
| 8:38 | Build | Palisade Wall |
| 8:45 | Build | House |
| 8:49 | Create | Villager (Male) |
| 8:53 | Build | Palisade Wall |
| 9:10 | Build | Palisade Gate |
| 9:17 | Build | House |
| 9:21 | Build | Palisade Wall |
| 9:23 | Create | Villager (Male) |
| 9:31 | Build | Palisade Wall |
| 10:06 | Build | Farm |
| 10:14 | Build | Farm |
| 10:17 | Age | Feudal Age |
| 10:47 | Create | Villager (Male) |
| 10:58 | Build | Farm |
| 11:42 | Research | Double-Bit Axe |
| 11:44 | Create | Villager (Male) |
| 11:58 | Create | Villager (Male) |
| 12:05 | Build | Mining Camp |
| 12:23 | Create | Villager (Male) |
| 12:25 | Research | Horse Collar |
| 12:28 | Create | Spearman |
| 13:03 | Create | Villager (Male) |
| 13:05 | Create | Villager (Male) |
| 13:16 | Build | Stable |
| 13:20 | Create | Villager (Male) |
| 13:28 | Build | Farm |
| 13:38 | Create | Villager (Male) |
| 13:55 | Build | Market |
| 14:27 | Build | House |
| 14:35 | Build | Palisade Wall |
| 14:44 | Build | Watch Tower |
| 15:10 | Build | Watch Tower |
| 15:17 | Build | Watch Tower |
| 15:23 | Create | Villager (Male) |
| 15:24 | Create | Villager (Male) |
| 15:25 | Create | Villager (Male) |
| 15:30 | Create | Villager (Male) |
| 15:33 | Build | Archery Range |
| 15:36 | Build | Archery Range |
| 16:05 | Build | Stone Wall |
| 16:21 | Build | House |
| 16:48 | Build | Farm |
| 16:51 | Build | Archery Range |
| 16:53 | Create | Archer ×3 |
| 16:55 | Create | Villager (Male) |
| 17:13 | Create | Villager (Male) |
| 17:14 | Research | Wheelbarrow |
| 17:15 | Create | Villager (Male) |
| 17:29 | Build | Farm |
| 17:30 | Build | Farm |
| 17:53 | Build | Stone Wall |
| 18:02 | Create | Villager (Male) |
| 18:35 | Build | Mining Camp |
| 18:50 | Create | Archer |
| 18:51 | Create | Archer |
| 18:52 | Create | Archer |
| 18:52 | Create | Archer |
| 18:54 | Create | Archer |
| 18:54 | Create | Archer |
| 18:57 | Create | Villager (Male) |
| 18:57 | Create | Villager (Male) |
| 19:01 | Build | House |
| 19:02 | Build | House |
| 19:08 | Build | Farm |
| 19:13 | Build | House |
| 19:17 | Build | House |
| 19:24 | Create | Villager (Male) |
| 19:38 | Build | House |
| 19:39 | Build | House |
| 19:40 | Build | House |
| 19:51 | Create | Archer |
| 19:53 | Create | Archer |
| 20:03 | Build | Farm |
| 20:08 | Research | Gold Mining |
| 20:15 | Create | Archer |
| 20:15 | Create | Archer |
| 20:22 | Build | Palisade Gate |
| 21:24 | Create | Villager (Male) |
| 21:24 | Create | Villager (Male) |
| 21:25 | Create | Villager (Male) |
| 21:25 | Create | Villager (Male) |
| 21:25 | Create | Villager (Male) |
| 21:30 | Create | Archer |
| 21:30 | Create | Archer |
| 21:31 | Create | Archer |
| 21:31 | Create | Archer |
| 21:33 | Create | Archer |
| 21:34 | Build | Farm |
| 21:35 | Build | Farm |
| 21:35 | Build | Farm |
| 22:12 | Build | Farm |
| 22:29 | Build | Farm |
| 22:30 | Build | Farm |
| 22:37 | Build | Farm |
| 22:43 | Create | Villager (Male) |
| 22:52 | Build | Market |
| 23:39 | Create | Villager (Male) |
| 23:40 | Create | Villager (Male) |
| 24:01 | Create | Villager (Male) |
| 24:01 | Create | Villager (Male) |
| 24:27 | Create | Villager (Male) |
| 24:42 | Create | Villager (Male) |
| 25:07 | Research | Castle Age |
| 25:14 | Build | Lumber Camp |
| 25:40 | Create | Villager (Male) |
| 25:40 | Create | Villager (Male) |
| 25:41 | Create | Villager (Male) |
| 25:41 | Create | Villager (Male) |
| 25:45 | Build | Farm |
| 25:46 | Build | Farm |
| 25:50 | Create | Villager (Male) |
| 26:24 | Build | Farm |
| 26:49 | Create | Archer |
| 26:49 | Create | Archer |
| 26:50 | Create | Archer |
| 26:50 | Create | Archer |
| 26:56 | Build | Stable |
| 26:56 | Build | Stable |
Build order — reneniels
First 150 of 176 actions detected
| 0:01 | Create | Villager (Male) |
| 0:01 | Create | Villager (Male) |
| 0:01 | Create | Villager (Male) |
| 0:02 | Build | House |
| 0:04 | Build | House |
| 0:35 | Create | Villager (Male) |
| 1:27 | Create | Villager (Male) |
| 1:52 | Create | Villager (Male) |
| 2:21 | Create | Villager (Male) |
| 2:32 | Create | Villager (Male) |
| 2:32 | Create | Villager (Male) |
| 2:42 | Build | Lumber Camp |
| 3:14 | Create | Villager (Male) |
| 3:14 | Create | Villager (Male) |
| 3:44 | Create | Villager (Male) |
| 4:06 | Build | House |
| 4:39 | Create | Villager (Male) |
| 4:43 | Build | House |
| 5:00 | Create | Villager (Male) |
| 5:19 | Create | Villager (Male) |
| 5:25 | Create | Villager (Male) |
| 5:25 | Create | Villager (Male) |
| 5:41 | Create | Villager (Male) |
| 5:41 | Create | Villager (Male) |
| 6:25 | Create | Villager (Male) |
| 6:28 | Build | Mill |
| 7:49 | Research | Feudal Age |
| 8:05 | Build | Barracks |
| 8:32 | Create | Villager (Male) |
| 8:32 | Create | Villager (Male) |
| 8:35 | Build | Farm |
| 8:41 | Build | House |
| 9:05 | Build | Farm |
| 9:12 | Build | Mining Camp |
| 9:21 | Create | Villager (Male) |
| 9:24 | Create | Militia |
| 9:24 | Create | Militia |
| 9:41 | Build | Farm |
| 9:48 | Create | Militia |
| 10:03 | Build | Farm |
| 10:09 | Age | Feudal Age |
| 10:16 | Research | Man-at-Arms (upgrade) |
| 10:34 | Create | Villager (Male) |
| 10:36 | Build | Farm |
| 10:42 | Build | Farm |
| 10:56 | Create | Militia |
| 11:06 | Research | Double-Bit Axe |
| 11:29 | Build | House |
| 11:39 | Build | Blacksmith |
| 11:43 | Create | Villager (Male) |
| 11:47 | Research | Loom |
| 11:48 | Create | Villager (Male) |
| 11:49 | Create | Villager (Male) |
| 11:59 | Create | Militia |
| 12:04 | Create | Villager (Male) |
| 12:19 | Create | Militia |
| 12:20 | Create | Villager (Male) |
| 12:31 | Build | House |
| 12:47 | Research | Arson |
| 13:16 | Build | Farm |
| 13:17 | Build | Farm |
| 13:18 | Create | Villager (Male) |
| 13:21 | Research | Forging |
| 13:42 | Create | Villager (Male) |
| 13:43 | Build | Farm |
| 13:50 | Create | Militia |
| 13:59 | Build | Farm |
| 14:00 | Create | Villager (Male) |
| 14:33 | Create | Villager (Male) |
| 14:34 | Create | Villager (Male) |
| 14:36 | Build | Farm |
| 15:26 | Create | Spearman |
| 15:26 | Create | Spearman |
| 15:27 | Create | Spearman |
| 15:40 | Create | Spearman |
| 15:40 | Create | Spearman |
| 15:59 | Create | Spearman |
| 15:59 | Create | Spearman |
| 16:59 | Create | Spearman |
| 17:06 | Build | Farm |
| 17:07 | Create | Villager (Male) |
| 17:15 | Create | Spearman |
| 17:16 | Create | Spearman |
| 17:23 | Build | Farm |
| 17:31 | Research | Scale Mail Armor |
| 18:11 | Build | Farm |
| 18:14 | Create | Villager (Male) |
| 18:14 | Create | Villager (Male) |
| 18:23 | Create | Spearman |
| 18:34 | Create | Villager (Male) |
| 18:39 | Build | House |
| 19:19 | Build | House |
| 19:21 | Build | House |
| 19:34 | Research | Fletching |
| 19:38 | Create | Villager (Male) |
| 21:12 | Build | Farm |
| 21:14 | Build | Farm |
| 21:16 | Build | Farm |
| 21:30 | Research | Padded Archer Armor |
| 21:50 | Create | Villager (Male) |
| 21:51 | Create | Villager (Male) |
| 22:02 | Build | Archery Range |
| 22:33 | Create | Villager (Male) |
| 22:57 | Build | Watch Tower |
| 23:00 | Create | Skirmisher |
| 23:01 | Create | Skirmisher |
| 23:01 | Create | Skirmisher |
| 23:06 | Research | Castle Age |
| 23:44 | Create | Skirmisher |
| 23:44 | Create | Skirmisher |
| 23:50 | Create | Villager (Male) |
| 23:50 | Create | Villager (Male) |
| 23:52 | Create | Skirmisher |
| 23:53 | Create | Skirmisher |
| 24:04 | Create | Skirmisher |
| 24:15 | Create | Skirmisher |
| 24:40 | Create | Skirmisher |
| 24:40 | Create | Skirmisher |
| 25:08 | Create | Skirmisher |
| 25:09 | Create | Skirmisher |
| 25:46 | Age | Castle Age |
| 25:56 | Research | Elite Skirmisher (upgrade) |
| 26:03 | Create | Archer |
| 26:03 | Create | Archer |
| 27:05 | Create | Skirmisher |
| 27:05 | Create | Skirmisher |
| 27:05 | Create | Skirmisher |
| 27:09 | Create | Spearman |
| 27:10 | Create | Spearman |
| 27:10 | Create | Spearman |
| 27:10 | Create | Spearman |
| 27:16 | Build | Barracks |
| 27:18 | Research | Bodkin Arrow |
| 27:37 | Create | Skirmisher |
| 27:37 | Create | Skirmisher |
| 27:53 | Build | Farm |
| 27:56 | Create | Skirmisher |
| 27:56 | Create | Skirmisher |
| 28:02 | Create | Spearman |
| 28:02 | Create | Spearman |
| 28:26 | Create | Skirmisher |
| 28:26 | Create | Skirmisher |
| 28:49 | Create | Skirmisher |
| 28:49 | Create | Skirmisher |
| 28:52 | Create | Spearman |
| 28:52 | Create | Spearman |
| 29:20 | Create | Villager (Male) |
| 29:20 | Create | Villager (Male) |
| 29:32 | Research | Leather Archer Armor |
| 29:50 | Build | Lumber Camp |
Build order — Tobunga
First 150 of 304 actions detected
| 0:01 | Create | Villager (Male) |
| 0:01 | Create | Villager (Male) |
| 0:02 | Build | House |
| 0:03 | Build | House |
| 0:13 | Create | Villager (Male) |
| 0:14 | Create | Villager (Male) |
| 1:31 | Create | Villager (Male) |
| 1:50 | Build | Lumber Camp |
| 2:07 | Create | Villager (Male) |
| 2:29 | Create | Villager (Male) |
| 2:57 | Create | Villager (Male) |
| 3:20 | Create | Villager (Male) |
| 3:31 | Build | House |
| 3:39 | Create | Villager (Male) |
| 4:02 | Build | House |
| 4:10 | Build | House |
| 4:31 | Build | House |
| 4:51 | Create | Villager (Male) |
| 4:52 | Create | Villager (Male) |
| 5:45 | Create | Villager (Male) |
| 6:10 | Create | Villager (Male) |
| 6:27 | Create | Villager (Male) |
| 6:45 | Build | House |
| 6:46 | Build | Mill |
| 7:01 | Create | Villager (Male) |
| 7:06 | Research | Loom |
| 7:54 | Create | Villager (Male) |
| 8:20 | Research | Feudal Age |
| 8:29 | Build | Mining Camp |
| 8:36 | Build | House |
| 8:58 | Build | Lumber Camp |
| 9:49 | Build | Barracks |
| 10:26 | Create | Villager (Male) |
| 10:30 | Age | Feudal Age |
| 10:31 | Research | Double-Bit Axe |
| 10:34 | Research | Horse Collar |
| 10:48 | Build | Archery Range |
| 10:49 | Build | Palisade Wall |
| 10:54 | Create | Villager (Male) |
| 11:21 | Create | Villager (Male) |
| 11:41 | Create | Villager (Male) |
| 11:42 | Create | Archer |
| 11:46 | Build | Palisade Wall |
| 11:51 | Build | Palisade Gate |
| 11:54 | Create | Villager (Male) |
| 12:02 | Create | Archer |
| 12:15 | Build | Blacksmith |
| 12:16 | Create | Villager (Male) |
| 12:24 | Build | House |
| 12:27 | Build | House |
| 12:34 | Create | Archer |
| 12:44 | Create | Archer |
| 12:51 | Create | Villager (Male) |
| 12:56 | Build | Palisade Wall |
| 12:58 | Build | House |
| 13:13 | Build | Palisade Wall |
| 13:21 | Create | Archer |
| 13:23 | Research | Fletching |
| 13:36 | Create | Villager (Male) |
| 13:40 | Build | House |
| 13:42 | Build | Palisade Wall |
| 13:48 | Create | Villager (Male) |
| 13:49 | Create | Archer |
| 14:04 | Create | Archer |
| 14:09 | Build | House |
| 14:12 | Build | Palisade Wall |
| 14:18 | Build | Palisade Wall |
| 14:21 | Create | Villager (Male) |
| 14:54 | Create | Villager (Male) |
| 14:56 | Create | Archer |
| 14:59 | Build | House |
| 15:02 | Build | Palisade Wall |
| 15:04 | Build | Palisade Wall |
| 15:07 | Build | House |
| 15:20 | Create | Villager (Male) |
| 15:23 | Build | Farm |
| 15:24 | Build | Farm |
| 15:28 | Build | Farm |
| 15:29 | Build | Farm |
| 15:29 | Build | Farm |
| 15:34 | Create | Archer |
| 15:47 | Create | Villager (Male) |
| 15:50 | Build | Farm |
| 15:55 | Build | Farm |
| 16:02 | Create | Villager (Male) |
| 16:15 | Create | Villager (Male) |
| 16:46 | Create | Villager (Male) |
| 17:00 | Create | Villager (Male) |
| 17:02 | Create | Archer |
| 17:14 | Create | Villager (Male) |
| 17:17 | Create | Archer |
| 17:18 | Create | Villager (Male) |
| 17:26 | Build | Farm |
| 17:26 | Build | Farm |
| 17:28 | Build | Farm |
| 17:28 | Build | Farm |
| 17:28 | Build | Farm |
| 17:28 | Build | Farm |
| 17:29 | Build | Farm |
| 17:52 | Create | Villager (Male) |
| 18:04 | Create | Villager (Male) |
| 18:06 | Build | House |
| 18:10 | Build | Market |
| 18:13 | Build | Farm |
| 18:13 | Build | Farm |
| 18:24 | Create | Archer |
| 18:28 | Create | Villager (Male) |
| 18:48 | Create | Villager (Male) |
| 18:50 | Create | Archer |
| 19:08 | Create | Archer |
| 19:30 | Build | House |
| 19:34 | Research | Castle Age |
| 19:40 | Build | Archery Range |
| 19:52 | Create | Archer |
| 19:53 | Research | Padded Archer Armor |
| 20:12 | Create | Archer |
| 20:19 | Research | Gold Mining |
| 20:39 | Create | Archer |
| 20:40 | Create | Archer |
| 20:42 | Create | Archer |
| 21:01 | Build | House |
| 21:04 | Build | House |
| 21:05 | Build | Palisade Wall |
| 21:08 | Create | Archer |
| 21:15 | Create | Villager (Male) |
| 21:23 | Create | Archer |
| 21:35 | Create | Villager (Male) |
| 22:02 | Create | Villager (Male) |
| 22:14 | Age | Castle Age |
| 22:16 | Research | Crossbowman (upgrade) |
| 22:22 | Build | Town Center |
| 22:26 | Create | Archer |
| 22:27 | Create | Archer |
| 22:32 | Build | University |
| 22:32 | Research | Bow Saw |
| 22:34 | Create | Villager (Male) |
| 22:51 | Research | Bodkin Arrow |
| 23:04 | Create | Villager (Male) |
| 23:06 | Create | Villager (Male) |
| 23:23 | Research | Ballistics |
| 23:35 | Build | Town Center |
| 23:42 | Create | Archer |
| 23:47 | Create | Villager (Male) |
| 23:50 | Create | Villager (Male) |
| 24:15 | Create | Villager (Male) |
| 24:16 | Create | Archer |
| 24:16 | Create | Archer |
| 24:25 | Create | Villager (Male) |
| 24:25 | Create | Villager (Male) |
| 24:27 | Create | Villager (Male) |
Build order — Ryô Saeba
First 150 of 206 actions detected
| 0:04 | Build | House |
| 0:07 | Build | House |
| 0:07 | Create | Villager (Male) |
| 0:08 | Create | Villager (Male) |
| 0:08 | Create | Villager (Male) |
| 0:08 | Create | Villager (Male) |
| 1:38 | Create | Villager (Male) |
| 2:05 | Build | Settlement |
| 2:08 | Create | Villager (Male) |
| 2:53 | Create | Villager (Male) |
| 3:27 | Build | House |
| 3:36 | Create | Villager (Male) |
| 3:36 | Create | Villager (Male) |
| 4:19 | Build | Settlement |
| 4:56 | Create | Villager (Male) |
| 4:57 | Create | Villager (Male) |
| 4:57 | Create | Villager (Male) |
| 5:37 | Create | Villager (Male) |
| 6:16 | Create | Villager (Male) |
| 6:33 | Build | Palisade Wall |
| 6:44 | Create | Villager (Male) |
| 6:45 | Create | Villager (Male) |
| 6:54 | Create | Villager (Male) |
| 6:54 | Create | Villager (Male) |
| 7:08 | Build | Palisade Wall |
| 7:22 | Build | Palisade Wall |
| 7:31 | Build | Palisade Wall |
| 7:43 | Create | Villager (Male) |
| 7:44 | Create | Villager (Male) |
| 9:36 | Build | Barracks |
| 10:16 | Research | Feudal Age |
| 10:17 | Research | Loom |
| 11:28 | Build | Farm |
| 11:56 | Build | Farm |
| 12:26 | Age | Feudal Age |
| 12:34 | Build | Market |
| 12:41 | Build | Blacksmith |
| 12:43 | Build | House |
| 12:50 | Create | Villager (Male) |
| 12:52 | Create | Villager (Male) |
| 13:06 | Build | Farm |
| 13:08 | Build | Farm |
| 13:09 | Build | Farm |
| 13:11 | Build | Farm |
| 13:21 | Create | Villager (Male) |
| 13:22 | Create | Villager (Male) |
| 14:04 | Build | House |
| 14:14 | Build | Farm |
| 15:05 | Research | Castle Age |
| 15:44 | Build | Archery Range |
| 16:43 | Build | Farm |
| 17:05 | Build | Settlement |
| 17:45 | Age | Castle Age |
| 17:47 | Build | Town Center |
| 17:59 | Create | Villager (Male) |
| 17:59 | Create | Villager (Male) |
| 18:22 | Research | Double-Bit Axe |
| 18:34 | Build | Monastery |
| 18:48 | Create | Villager (Male) |
| 18:48 | Create | Villager (Male) |
| 18:53 | Create | Villager (Male) |
| 19:13 | Research | Elite Skirmisher (upgrade) |
| 19:26 | Research | Fervor |
| 19:33 | Research | Gold Mining |
| 19:34 | Research | Horse Collar |
| 19:47 | Create | Villager (Male) |
| 19:47 | Create | Villager (Male) |
| 19:56 | Build | Farm |
| 19:58 | Build | Farm |
| 20:07 | Create | Villager (Male) |
| 20:07 | Create | Villager (Male) |
| 20:14 | Create | Villager (Male) |
| 20:14 | Create | Villager (Male) |
| 20:23 | Create | Villager (Male) |
| 20:23 | Create | Villager (Male) |
| 20:32 | Build | Farm |
| 20:35 | Create | Villager (Male) |
| 20:35 | Create | Villager (Male) |
| 20:51 | Create | Monk |
| 20:56 | Build | Farm |
| 20:58 | Create | Villager (Male) |
| 20:59 | Create | Villager (Male) |
| 21:29 | Build | Farm |
| 21:30 | Create | Villager (Male) |
| 21:34 | Create | Villager (Male) |
| 21:41 | Build | Farm |
| 21:46 | Build | Farm |
| 21:52 | Create | Villager (Male) |
| 21:56 | Build | Town Center |
| 22:08 | Research | Sanctity |
| 22:31 | Create | Villager (Male) |
| 22:55 | Create | Monk |
| 23:05 | Create | Villager (Male) |
| 23:05 | Create | Villager (Male) |
| 23:06 | Create | Villager (Male) |
| 23:09 | Build | Farm |
| 23:13 | Build | Farm |
| 23:18 | Build | Farm |
| 23:20 | Create | Villager (Male) |
| 23:20 | Create | Villager (Male) |
| 23:25 | Create | Villager (Male) |
| 23:25 | Create | Villager (Male) |
| 24:07 | Build | Monastery |
| 24:11 | Create | Villager (Male) |
| 24:12 | Create | Villager (Male) |
| 24:16 | Build | Farm |
| 24:24 | Build | House |
| 24:26 | Build | House |
| 24:28 | Build | House |
| 24:29 | Build | House |
| 24:30 | Build | House |
| 24:35 | Create | Villager (Male) |
| 24:35 | Create | Villager (Male) |
| 24:51 | Create | Skirmisher |
| 24:51 | Create | Skirmisher |
| 24:51 | Create | Skirmisher |
| 25:01 | Build | Farm |
| 25:06 | Research | Fletching |
| 25:12 | Create | Skirmisher |
| 25:12 | Create | Skirmisher |
| 25:12 | Create | Skirmisher |
| 25:23 | Create | Skirmisher |
| 25:24 | Create | Skirmisher |
| 25:41 | Create | Monk |
| 25:42 | Create | Monk |
| 25:50 | Create | Skirmisher |
| 25:55 | Research | Bodkin Arrow |
| 26:01 | Create | Villager (Male) |
| 26:02 | Create | Villager (Male) |
| 26:04 | Build | Farm |
| 26:10 | Build | Farm |
| 26:14 | Create | Villager (Male) |
| 26:14 | Create | Villager (Male) |
| 26:31 | Create | Skirmisher |
| 26:31 | Create | Skirmisher |
| 27:00 | Build | Archery Range |
| 27:05 | Research | Padded Archer Armor |
| 27:12 | Create | Skirmisher |
| 27:12 | Create | Skirmisher |
| 27:37 | Build | Farm |
| 27:53 | Research | Redemption |
| 27:58 | Create | Monk |
| 28:34 | Create | Monk |
| 28:57 | Create | Skirmisher |
| 28:58 | Create | Skirmisher |
| 28:58 | Create | Skirmisher |
| 29:09 | Create | Skirmisher |
| 29:09 | Create | Skirmisher |
| 29:14 | Create | Villager (Male) |
| 29:14 | Create | Villager (Male) |
Build order — Hærfugl
First 150 of 251 actions detected
| 0:01 | Create | Villager (Male) |
| 0:01 | Create | Villager (Male) |
| 0:01 | Create | Villager (Male) |
| 0:02 | Create | Villager (Male) |
| 0:02 | Build | House |
| 0:04 | Build | House |
| 1:24 | Create | Villager (Male) |
| 1:49 | Build | Lumber Camp |
| 1:58 | Create | Villager (Male) |
| 2:29 | Create | Villager (Male) |
| 2:44 | Build | House |
| 2:45 | Build | House |
| 3:01 | Create | Villager (Male) |
| 3:41 | Create | Villager (Male) |
| 3:42 | Create | Villager (Male) |
| 4:16 | Create | Villager (Male) |
| 4:16 | Create | Villager (Male) |
| 4:37 | Build | Mill |
| 4:43 | Build | House |
| 4:53 | Create | Villager (Male) |
| 4:53 | Create | Villager (Male) |
| 5:52 | Create | Villager (Male) |
| 5:52 | Create | Villager (Male) |
| 6:16 | Create | Villager (Male) |
| 6:45 | Create | Villager (Male) |
| 6:45 | Create | Villager (Male) |
| 6:47 | Create | Villager (Male) |
| 7:59 | Research | Feudal Age |
| 7:59 | Research | Feudal Age |
| 8:28 | Build | Dock |
| 8:59 | Create | Villager (Male) |
| 8:59 | Create | Villager (Male) |
| 9:18 | Build | Barracks |
| 9:22 | Create | Fishing Ship |
| 10:02 | Build | House |
| 10:03 | Build | House |
| 10:10 | Age | Feudal Age |
| 10:28 | Create | Villager (Male) |
| 10:35 | Research | Double-Bit Axe |
| 10:35 | Research | Double-Bit Axe |
| 11:31 | Build | Mining Camp |
| 11:52 | Build | Archery Range |
| 11:57 | Create | Villager (Male) |
| 11:57 | Create | Villager (Male) |
| 12:06 | Build | Farm |
| 12:22 | Build | Farm |
| 12:28 | Build | Farm |
| 12:37 | Create | Archer |
| 12:38 | Create | Archer |
| 12:41 | Create | Villager (Male) |
| 12:52 | Build | Farm |
| 13:12 | Create | Villager (Male) |
| 13:13 | Create | Villager (Male) |
| 13:27 | Create | Archer |
| 13:52 | Create | Archer |
| 13:54 | Create | Villager (Male) |
| 13:59 | Build | Farm |
| 14:02 | Build | Farm |
| 14:06 | Build | Farm |
| 14:10 | Build | Farm |
| 14:16 | Build | Farm |
| 14:23 | Research | Horse Collar |
| 14:24 | Create | Villager (Male) |
| 14:55 | Create | Skirmisher |
| 14:55 | Create | Skirmisher |
| 14:58 | Create | Villager (Male) |
| 15:00 | Create | Villager (Male) |
| 15:04 | Build | Farm |
| 15:29 | Build | Farm |
| 15:34 | Build | Farm |
| 15:38 | Create | Villager (Male) |
| 15:39 | Create | Villager (Male) |
| 15:48 | Build | House |
| 15:53 | Build | House |
| 15:56 | Build | House |
| 16:19 | Research | Loom |
| 16:28 | Create | Skirmisher |
| 16:28 | Create | Archer |
| 17:07 | Create | Spearman |
| 17:07 | Create | Spearman |
| 17:12 | Build | Blacksmith |
| 17:33 | Create | Skirmisher |
| 17:33 | Create | Skirmisher |
| 17:34 | Create | Archer |
| 17:56 | Create | Villager (Male) |
| 17:57 | Create | Villager (Male) |
| 17:58 | Research | Castle Age |
| 18:04 | Create | Villager (Male) |
| 18:05 | Create | Villager (Male) |
| 18:06 | Research | Fletching |
| 18:08 | Research | Padded Archer Armor |
| 18:25 | Create | Skirmisher |
| 18:25 | Create | Skirmisher |
| 18:47 | Build | Archery Range |
| 18:59 | Create | Skirmisher |
| 19:00 | Create | Archer |
| 19:37 | Create | Fishing Ship |
| 19:38 | Create | Fishing Ship |
| 20:39 | Age | Castle Age |
| 20:45 | Research | Bodkin Arrow |
| 20:49 | Research | Thumb Ring |
| 20:55 | Research | Crossbowman (upgrade) |
| 20:59 | Create | Villager (Male) |
| 21:03 | Create | Villager (Male) |
| 21:20 | Research | Elite Skirmisher (upgrade) |
| 22:13 | Create | Archer |
| 22:13 | Create | Archer |
| 22:13 | Create | Archer |
| 22:14 | Create | Skirmisher |
| 22:14 | Create | Skirmisher |
| 22:33 | Build | Fish Trap |
| 22:45 | Build | Fish Trap |
| 22:53 | Create | Villager (Male) |
| 22:53 | Create | Villager (Male) |
| 23:02 | Create | Skirmisher |
| 23:02 | Create | Skirmisher |
| 23:03 | Create | Archer |
| 23:41 | Build | Fish Trap |
| 23:49 | Build | Fish Trap |
| 24:32 | Create | Villager (Male) |
| 24:32 | Create | Villager (Male) |
| 25:04 | Create | Skirmisher |
| 25:04 | Create | Skirmisher |
| 25:05 | Create | Skirmisher |
| 25:06 | Create | Skirmisher |
| 25:06 | Create | Skirmisher |
| 25:07 | Create | Skirmisher |
| 25:07 | Create | Skirmisher |
| 25:09 | Research | Leather Archer Armor |
| 25:13 | Create | Skirmisher |
| 25:14 | Create | Archer |
| 25:15 | Create | Archer |
| 25:18 | Create | Villager (Male) |
| 25:18 | Create | Villager (Male) |
| 25:19 | Create | Villager (Male) |
| 25:30 | Build | House |
| 25:35 | Create | Villager (Male) |
| 25:35 | Create | Villager (Male) |
| 25:51 | Build | Farm |
| 26:31 | Build | House |
| 26:34 | Build | House |
| 26:38 | Build | House |
| 26:40 | Build | House |
| 27:30 | Build | Town Center |
| 28:25 | Build | Farm |
| 28:51 | Research | Squires |
| 30:05 | Create | Skirmisher |
| 30:05 | Create | Skirmisher |
| 30:06 | Create | Skirmisher |
| 30:06 | Create | Skirmisher |
Match timeline
| 6:33 | Ryô Saeba · wall_segment Palisade Wall x20 |
| 7:08 | Ryô Saeba · wall_segment Palisade Wall x22 |
| 7:22 | Ryô Saeba · wall_segment Palisade Wall x15 |
| 7:22 | Mebossmer · first_building Barracks |
| 7:31 | Ryô Saeba · wall_segment Palisade Wall x11 |
| 8:05 | reneniels · first_building Barracks |
| 8:27 | Mebossmer · wall_segment Palisade Wall x6 |
| 8:28 | Hærfugl · first_building Dock |
| 8:34 | Mebossmer · wall_segment Palisade Wall x1 |
| 8:35 | GenosseFelix · first_building Barracks |
| 8:38 | Mebossmer · wall_segment Palisade Wall x10 |
| 8:53 | Mebossmer · wall_segment Palisade Wall x9 |
| 9:18 | Hærfugl · first_building Barracks |
| 9:21 | Mebossmer · wall_segment Palisade Wall x4 |
| 9:31 | Mebossmer · wall_segment Palisade Wall x10 |
| 9:36 | Ryô Saeba · first_building Barracks |
| 9:49 | Tobunga · first_building Barracks |
| 9:52 | GenosseFelix · age_up feudal |
| 10:09 | reneniels · age_up feudal |
| 10:10 | Hærfugl · age_up feudal |
| 10:17 | Mebossmer · age_up feudal |
| 10:20 | GenosseFelix · first_building Stable |
| 10:30 | Tobunga · age_up feudal |
| 10:48 | Tobunga · first_building Archery Range |
| 10:49 | Tobunga · wall_segment Palisade Wall x1 |
| 11:46 | Tobunga · wall_segment Palisade Wall x1 |
| 11:52 | Hærfugl · first_building Archery Range |
| 12:26 | Ryô Saeba · age_up feudal |
| 12:56 | Tobunga · wall_segment Palisade Wall x3 |
| 13:13 | Tobunga · wall_segment Palisade Wall x3 |
| 13:16 | Mebossmer · first_building Stable |
| 13:42 | Tobunga · wall_segment Palisade Wall x5 |
| 14:12 | Tobunga · wall_segment Palisade Wall x4 |
| 14:18 | Tobunga · wall_segment Palisade Wall x3 |
| 14:35 | Mebossmer · wall_segment Palisade Wall x1 |
| 15:02 | Tobunga · wall_segment Palisade Wall x8 |
| 15:04 | Tobunga · wall_segment Palisade Wall x3 |
| 15:33 | Mebossmer · first_building Archery Range |
| 15:44 | Ryô Saeba · first_building Archery Range |
| 16:05 | Mebossmer · wall_segment Stone Wall x3 |
| 17:45 | Ryô Saeba · age_up castle |
| 17:53 | Mebossmer · wall_segment Stone Wall x7 |
| 18:34 | Ryô Saeba · first_building Monastery |
| 19:33 | Tobunga · first_market_buy 100 food |
| 20:39 | Hærfugl · age_up castle |
| 21:04 | GenosseFelix · age_up castle |
| 21:05 | Tobunga · wall_segment Palisade Wall x4 |
| 22:02 | reneniels · first_building Archery Range |
| 22:14 | Tobunga · age_up castle |
| 22:49 | Tobunga · first_market_sell 100 wood |
| 25:11 | Tobunga · first_building Siege Workshop |
| 25:46 | reneniels · age_up castle |
| 27:50 | Mebossmer · age_up castle |
| 29:31 | GenosseFelix · first_building Castle |
| 30:47 | Tobunga · first_building Monastery |
| 32:59 | GenosseFelix · first_building Monastery |
| 33:31 | Tobunga · first_building Castle |
| 33:31 | Ryô Saeba · first_building Castle |
| 33:45 | Mebossmer · first_building Monastery |
| 34:24 | Ryô Saeba · first_market_sell 100 wood |
| 35:04 | Tobunga · age_up imperial |
| 35:17 | GenosseFelix · age_up imperial |
| 38:05 | Mebossmer · first_building Castle |
| 38:53 | Ryô Saeba · age_up imperial |
| 39:16 | Hærfugl · first_building Castle |
| 40:26 | Mebossmer · first_market_buy 100 stone |
| 41:12 | Hærfugl · resign |
[ AI ANALYSIS · 1 CREDIT ]
What really happened in this match?
Wolo.gg analyzes every decision: build order, eco, micro, common mistakes by bracket. Personalized analysis on WhatsApp or Discord in 30 seconds.
Civ guide
Mongols
Perfil
Jugador #21162121